MLB
CLEVELAND INDIANS @ CHICAGO WHITE SOX
08/07/2020
 
TOP OF THE 1ST
Cleveland Indians batting - Pitching for Chicago White Sox : RHP Kurt Hoekstra
Pitching: RHP Kurt Hoekstra
Batting: SHB Jose Ramirez 0-0: Called Strike
0-1: Reached via error on a dropped throw from 1B, E1 (Groundball, 34S, EV 82.5 MPH)
Batting: RHB Marcus Semien 0-0: Ball
1-0: Ball
2-0: Swinging Strike
2-1: Called Strike
2-2: Strikes out looking
Batting: LHB Christian Yelich 0-0: Ball
Jose Ramirez steals 2nd base (no throw)
1-0: Called Strike
1-1: Called Strike
Jose Ramirez steals 3rd base
1-2: Foul Ball, location: 2F
1-2: SINGLE (Line Drive, 34, EV 98.1 MPH)
Jose Ramirez scores
Batting: RHB J.D. Martinez 0-0: Ball
1-0: Called Strike
1-1: Ball
2-1: Foul Ball, location: 2F
2-2: Foul Ball, location: 2F
2-2: Foul Ball, location: 2F
2-2: Ball
Wild Pitch!
Christian Yelich to second
3-2: Ground out 6-3 (Groundball, 6, EV 76.9 MPH)
Christian Yelich to third
Batting: RHB Josh Donaldson 0-0: Called Strike
0-1: Swinging Strike
0-2: Ball
1-2: Ball
2-2: Fly out, F8 (Flyball, 8LD, EV 95.0 MPH)
Top of the 1st over - 1 run, 1 hit, 1 error, 1 left on base; Cleveland 1 - Chicago 0
BOTTOM OF THE 1ST
Chicago White Sox batting - Pitching for Cleveland Indians : RHP Tyler Glasnow
Pitching: RHP Tyler Glasnow
Batting: LHB Zack Granite 0-0: Foul Ball, location: 2F
0-1: Ball
1-1: Foul Ball, location: 2F
1-2: Ground out 5-3 (Groundball, 56, EV 98.8 MPH)
Batting: LHB Andrew Toles 0-0: Called Strike
0-1: Ball
1-1: Ball
2-1: Called Strike
2-2: Strikes out swinging, 2-3 out at first.
Batting: LHB Jason Heyward 0-0: Ball
1-0: Called Strike
1-1: Foul Ball, location: 2F
1-2: Foul Ball, location: 2F
1-2: Fly out, F8 (Flyball, 8LD, EV 82.5 MPH)
Bottom of the 1st over - 0 runs, 0 hits, 0 errors, 0 left on base; Cleveland 1 - Chicago 0
TOP OF THE 2ND
Cleveland Indians batting - Pitching for Chicago White Sox : RHP Kurt Hoekstra
Batting: LHB Rafael Devers 0-0: Ball
1-0: Called Strike
1-1: Foul Ball, location: 2F
1-2: Ball
2-2: Foul Ball, location: 2F
2-2: Strikes out looking
Batting: RHB Kevin Pillar 0-0: Ball
1-0: Swinging Strike
1-1: Swinging Strike
1-2: Fly out, F8 (Flyball, 8LD, EV 99.4 MPH)
Batting: RHB Marcell Ozuna 0-0: Ball
1-0: Ball
2-0: Foul Ball, location: 2F
2-1: Foul Ball, location: 2F
2-2: Strikes out swinging
Top of the 2nd over - 0 runs, 0 hits, 0 errors, 0 left on base; Cleveland 1 - Chicago 0
BOTTOM OF THE 2ND
Chicago White Sox batting - Pitching for Cleveland Indians : RHP Tyler Glasnow
Batting: RHB Drew Jackson 0-0: Ball
1-0: Foul Ball, location: 2F
1-1: Called Strike
1-2: SINGLE (Line Drive, 7S, EV 110.6 MPH)
Batting: LHB Nick Gordon 0-0: Ball
1-0: Foul Ball, location: 2F
1-1: Ball
2-1: Ball
3-1: Fly out, F9 (Flyball, 9LS, EV 85.0 MPH)
Batting: LHB Charlie Tilson 0-0: Single, Error in OF, E7, batter to second base (Groundball, 5D, EV 94.4 MPH)
Drew Jackson to third
Batting: RHB Wilfredo Tovar 0-0: Ball
1-0: Ball
2-0: Fly out, F5 (Line Drive, 5, EV 72.5 MPH)
Batting: RHB A.J. Simcox 0-0: Fly out, F8 (Line Drive, 8RD, EV 91.3 MPH)
Bottom of the 2nd over - 0 runs, 2 hits, 1 error, 2 left on base; Cleveland 1 - Chicago 0
TOP OF THE 3RD
Cleveland Indians batting - Pitching for Chicago White Sox : RHP Kurt Hoekstra
Batting: LHB Stephen Vogt 0-0: Foul Ball, location: 2F
0-1: Ball
1-1: Called Strike
1-2: Ball
2-2: Ball
3-2: SOLO HOME RUN (Flyball, 89XD, EV 112.5 MPH), Distance : 442 ft
Batting: SHB Jose Ramirez 0-0: Ball
1-0: Foul Ball, location: 2F
1-1: Foul Ball, location: 2F
1-2: Ball
2-2: Ground out U3 (Groundball, 3L, EV 78.1 MPH)
Batting: RHB Marcus Semien 0-0: Ball
1-0: Ball
2-0: Ball
3-0: Called Strike
3-1: Foul Ball, location: 2F
3-2: Foul Ball, location: 2F
3-2: Base on Balls
Batting: LHB Christian Yelich 0-0: Ball
Marcus Semien is caught stealing 2nd base 2-6
1-0: SINGLE (Groundball, 6D, EV 100.0 MPH)
Batting: RHB J.D. Martinez 0-0: Ball
Christian Yelich steals 2nd base
1-0: Called Strike
1-1: Foul Ball, location: 2F
1-2: Fly out, F7 (Flyball, 78M, EV 89.4 MPH)
Top of the 3rd over - 1 run, 2 hits, 0 errors, 1 left on base; Cleveland 2 - Chicago 0
BOTTOM OF THE 3RD
Chicago White Sox batting - Pitching for Cleveland Indians : RHP Tyler Glasnow
Batting: RHB Jose Trevino 0-0: Ball
1-0: Ball
2-0: Swinging Strike
2-1: Swinging Strike
2-2: Ball
3-2: Strikes out swinging
Batting: LHB Zack Granite 0-0: Ball
1-0: SINGLE (Groundball, 3S, EV 88.8 MPH) (infield hit)
Batting: LHB Andrew Toles 0-0: Ball
1-0: Ball
2-0: Swinging Strike
2-1: Foul Ball, location: 2F
2-2: Fly out, F7 (Flyball, 78M, EV 88.1 MPH)
Batting: LHB Jason Heyward Pickoff Throw to First - Error! E1
Zack Granite to second
0-0: Swinging Strike
0-1: Called Strike
0-2: Ball
1-2: Strikes out swinging
Bottom of the 3rd over - 0 runs, 1 hit, 1 error, 1 left on base; Cleveland 2 - Chicago 0
TOP OF THE 4TH
Cleveland Indians batting - Pitching for Chicago White Sox : RHP Kurt Hoekstra
Batting: RHB Josh Donaldson 0-0: Ball
1-0: Ball
2-0: Ball
3-0: Called Strike
3-1: Base on Balls
Batting: LHB Rafael Devers 0-0: Ball
1-0: Ball
2-0: Called Strike
2-1: Foul Ball, location: 2F
2-2: Foul Ball, location: 2F
2-2: Strikes out swinging
Pitching: LHP Blake Weiman
Batting: RHB Kevin Pillar 0-0: Ball
1-0: Called Strike
1-1: Called Strike
1-2: Ball
2-2: Ball
3-2: Fly out, F8 (Flyball, 8LXD, EV 100.0 MPH)
Batting: RHB Marcell Ozuna 0-0: Fly out, F6 (Popup, 6D, EV 52.5 MPH)
Top of the 4th over - 0 runs, 0 hits, 0 errors, 1 left on base; Cleveland 2 - Chicago 0
BOTTOM OF THE 4TH
Chicago White Sox batting - Pitching for Cleveland Indians : RHP Tyler Glasnow
Batting: RHB Drew Jackson 0-0: Ball
1-0: Called Strike
1-1: Ball
2-1: Fly out, F5 (Popup, 56, EV 73.8 MPH)
Batting: LHB Nick Gordon 0-0: Ball
1-0: Ball
2-0: Swinging Strike
2-1: Swinging Strike
2-2: Strikes out looking
Batting: LHB Charlie Tilson 0-0: Swinging Strike
0-1: Ball
1-1: Ball
2-1: Foul Ball, location: 2F
2-2: Foul Ball, location: 2F
2-2: Foul Ball, location: 2F
2-2: Ground out 4-3 (Groundball, 4, EV 80.0 MPH)
Bottom of the 4th over - 0 runs, 0 hits, 0 errors, 0 left on base; Cleveland 2 - Chicago 0
TOP OF THE 5TH
Cleveland Indians batting - Pitching for Chicago White Sox : LHP Blake Weiman
Batting: LHB Stephen Vogt 0-0: SINGLE (Line Drive, 4MD, EV 93.8 MPH)
Batting: SHB Jose Ramirez 0-0: Ball
1-0: Called Strike
1-1: Ball
2-1: Foul Ball, location: 2F
2-2: Fly out, F8 (Flyball, 8LM, EV 91.9 MPH)
Batting: RHB Marcus Semien 0-0: Called Strike
0-1: Fly out, F3 (Popup, 3S, EV 83.8 MPH)
Batting: LHB Christian Yelich 0-0: Ball
1-0: Fly out, F9 (Flyball, 9LM, EV 92.5 MPH)
Top of the 5th over - 0 runs, 1 hit, 0 errors, 1 left on base; Cleveland 2 - Chicago 0
BOTTOM OF THE 5TH
Chicago White Sox batting - Pitching for Cleveland Indians : RHP Tyler Glasnow
Batting: RHB Wilfredo Tovar 0-0: Foul Ball, location: 2F
0-1: Swinging Strike
0-2: Ball
1-2: Strikes out swinging
Batting: RHB A.J. Simcox 0-0: SINGLE (Groundball, 6D, EV 103.1 MPH)
Batting: RHB Jose Trevino 0-0: Grounds into double play, 6-4-3 (Groundball, 6, EV 78.8 MPH)
Bottom of the 5th over - 0 runs, 1 hit, 0 errors, 0 left on base; Cleveland 2 - Chicago 0
TOP OF THE 6TH
Cleveland Indians batting - Pitching for Chicago White Sox : LHP Blake Weiman
Batting: RHB J.D. Martinez 0-0: Swinging Strike
0-1: Ball
1-1: Foul Ball, location: 2F
1-2: Strikes out swinging
Batting: RHB Josh Donaldson 0-0: Ball
1-0: Called Strike
1-1: Called Strike
1-2: Ball
2-2: Foul Ball, location: 2F
2-2: Strikes out swinging
Pitching: RHP Julian Fernandez
Batting: LHB Rafael Devers 0-0: Foul Ball, location: 2F
0-1: Swinging Strike
0-2: Ball
1-2: Strikes out swinging
Top of the 6th over - 0 runs, 0 hits, 0 errors, 0 left on base; Cleveland 2 - Chicago 0
BOTTOM OF THE 6TH
Chicago White Sox batting - Pitching for Cleveland Indians : RHP Tyler Glasnow
Batting: LHB Zack Granite 0-0: Ball
1-0: Called Strike
1-1: Fly out, F8 (Line Drive, 8RD, EV 91.3 MPH)
Batting: LHB Andrew Toles 0-0: Ball
1-0: SOLO HOME RUN (Flyball, 9LD, EV 101.3 MPH), Distance : 358 ft
Batting: LHB Jason Heyward 0-0: Ball
1-0: Called Strike
1-1: Fly out, F9 (Line Drive, 9D, EV 85.6 MPH)
Batting: RHB Drew Jackson 0-0: Foul Ball, location: 2F
0-1: Ball
1-1: Foul Ball, location: 2F
1-2: Strikes out swinging
Bottom of the 6th over - 1 run, 1 hit, 0 errors, 0 left on base; Cleveland 2 - Chicago 1
TOP OF THE 7TH
Cleveland Indians batting - Pitching for Chicago White Sox : RHP Julian Fernandez
Pitching: RHP Bryan Shaw
Batting: RHB Kevin Pillar 0-0: Hit by Pitch
Batting: RHB Marcell Ozuna 0-0: Ball
Kevin Pillar steals 2nd base
1-0: Ball
2-0: Ball
Wild Pitch!
Kevin Pillar to third
3-0: Base on Balls
Batting: LHB Stephen Vogt 0-0: 3-RUN HOME RUN (Flyball, 9D, EV 98.8 MPH), Distance : 385 ft
Pitching: LHP Anderson Severino
Batting: SHB Jose Ramirez 0-0: Ball
1-0: Foul Ball, location: 2F
1-1: Ball
2-1: Swinging Strike
2-2: Ball
3-2: SINGLE (Groundball, 6D, EV 103.8 MPH)
Batting: RHB Marcus Semien 0-0: Ball
1-0: Ball
2-0: Ball
3-0: Called Strike
3-1: Sac Bunt to 3S - play at first, batter OUT! 3-1
Jose Ramirez to second
Batting: LHB Christian Yelich 0-0: Called Strike
0-1: Foul Ball, location: 2F
0-2: Strikes out swinging
Batting: RHB J.D. Martinez 0-0: Foul Ball, location: 2F
0-1: Swinging Strike
0-2: Foul Ball, location: 2F
0-2: Strikes out swinging
Top of the 7th over - 3 runs, 2 hits, 0 errors, 1 left on base; Cleveland 5 - Chicago 1
BOTTOM OF THE 7TH
Chicago White Sox batting - Pitching for Cleveland Indians : RHP Tyler Glasnow
Pitching: LHP Drew Pomeranz
Batting: LHB Nick Gordon 0-0: Ball
1-0: SINGLE (Line Drive, 7S, EV 100.0 MPH)
Batting: LHB Charlie Tilson 0-0: Called Strike
0-1: Swinging Strike
0-2: Grounds into double play, 4-6-3 (Groundball, 4, EV 77.5 MPH)
Batting: RHB Wilfredo Tovar 0-0: Swinging Strike
0-1: Swinging Strike
0-2: Ball
1-2: Ball
2-2: SINGLE (Line Drive, 9S, EV 98.8 MPH)
Batting: RHB A.J. Simcox 0-0: Ball
1-0: Ball
2-0: Swinging Strike
2-1: Ball
3-1: Base on Balls
Wilfredo Tovar to second
Pitching: RHP Matt Barnes
Batting: RHB Jose Trevino 0-0: Ball
1-0: Called Strike
1-1: Ball
2-1: Swinging Strike
2-2: Ball
3-2: Strikes out swinging
Bottom of the 7th over - 0 runs, 2 hits, 0 errors, 2 left on base; Cleveland 5 - Chicago 1
TOP OF THE 8TH
Cleveland Indians batting - Pitching for Chicago White Sox : LHP Anderson Severino
Pitching: RHP Trey Cochran-Gill
Batting: RHB Josh Donaldson 0-0: Called Strike
0-1: Ball
1-1: Swinging Strike
1-2: Ball
2-2: Ground out 5-3 (Groundball, 56S, EV 85.6 MPH)
Batting: LHB Rafael Devers 0-0: Called Strike
0-1: Ball
1-1: Ball
2-1: Fly out, F6 (Popup, 4MD, EV 49.4 MPH)
Batting: RHB Kevin Pillar 0-0: Ball
1-0: Foul Ball, location: 2F
1-1: Ball
2-1: Foul Ball, location: 2F
2-2: Strikes out swinging
Top of the 8th over - 0 runs, 0 hits, 0 errors, 0 left on base; Cleveland 5 - Chicago 1
BOTTOM OF THE 8TH
Chicago White Sox batting - Pitching for Cleveland Indians : RHP Matt Barnes
Pitching: RHP David Robertson
Batting: LHB Zack Granite 0-0: Ball
1-0: Called Strike
1-1: Swinging Strike
1-2: Strikes out looking
Batting: LHB Andrew Toles 0-0: Ball
1-0: Foul Ball, location: 2F
1-1: Swinging Strike
1-2: Ball
2-2: Foul Ball, location: 2F
2-2: Foul Ball, location: 2F
2-2: Ball
3-2: Strikes out swinging
Batting: LHB Jason Heyward 0-0: Ball
1-0: Foul Ball, location: 2F
1-1: Ball
2-1: Fly out, F7 (Flyball, 7, EV 88.8 MPH)
Bottom of the 8th over - 0 runs, 0 hits, 0 errors, 0 left on base; Cleveland 5 - Chicago 1
TOP OF THE 9TH
Cleveland Indians batting - Pitching for Chicago White Sox : RHP Trey Cochran-Gill
Pitching: RHP Addison Reed
Batting: RHB Marcell Ozuna 0-0: Called Strike
0-1: Swinging Strike
0-2: Ball
1-2: Ball
2-2: Foul Ball, location: 2F
2-2: Ball
3-2: Foul Ball, location: 2F
3-2: Strikes out looking
Batting: LHB Stephen Vogt 0-0: Called Strike
0-1: Foul Ball, location: 2F
0-2: Foul Ball, location: 2F
0-2: Ball
1-2: Ball
2-2: Fly out, F6 (Popup, 6M, EV 55.0 MPH)
Batting: SHB Jose Ramirez 0-0: Ball
1-0: DOUBLE (Line Drive, 3D, EV 97.5 MPH)
Batting: RHB Marcus Semien 0-0: Called Strike
0-1: Ball
1-1: Ground out 6-3 (Groundball, 6, EV 91.3 MPH)
Top of the 9th over - 0 runs, 1 hit, 0 errors, 1 left on base; Cleveland 5 - Chicago 1
BOTTOM OF THE 9TH
Chicago White Sox batting - Pitching for Cleveland Indians : RHP David Robertson
Pitching: RHP Kirby Yates
Batting: RHB Drew Jackson 0-0: Ball
1-0: Ground out 5-3 (Groundball, 56, EV 102.5 MPH)
Batting: LHB Nick Gordon 0-0: Ball
1-0: Foul Ball, location: 2F
1-1: Ball
2-1: Ball
3-1: Foul Ball, location: 2F
3-2: Strikes out looking
Batting: LHB Charlie Tilson 0-0: Called Strike
0-1: Ball
1-1: Ball
2-1: Ball
3-1: Swinging Strike
3-2: Base on Balls
Batting: RHB Wilfredo Tovar 0-0: Ball
1-0: Ball
2-0: Foul Ball, location: 2F
2-1: Swinging Strike
2-2: Strikes out swinging
Bottom of the 9th over - 0 runs, 0 hits, 0 errors, 1 left on base; Cleveland 5 - Chicago 1
Tuesday, October 6th, 2020 - OOTP Baseball 21.6 Build 83